Laval Squanderers vs Sarnia Sailors
Created - Sunday, April 16, 2023 at 07:02
Goals
|
| Laval Squanderers |
1 |
2 |
5 |
8 |
| Sarnia Sailors |
2 |
0 |
2 |
4 |
|
Shots
|
| Laval Squanderers |
6 |
12 |
21 |
39 |
| Sarnia Sailors |
17 |
5 |
14 |
36 |
|
1st period
1. Sarnia Sailors , Keegan Kolesar 22 (Dominic Toninato 14, Vasily Podkolzin 33) at 8:06 (PP)
2. Laval Squanderers , Oliver Wahlstrom 16 (Lias Andersson 12) at 12:00
3. Sarnia Sailors , Adam Erne 1 (Michael Dal Colle 10, Dylan McLaughlin 9) at 13:12
Penalties :
Rob Hamilton (SAR) for Fighting (Major) at 3:42, Graeme Clarke (LSQ) for Fighting (Major) at 3:42, Rob Hamilton (SAR) for instigated a fight (Minor) at 3:42, Rob Hamilton (SAR) for instigated a fight (10 Minutes Misconduct) at 3:42, Joey Keane (LSQ) for Roughing (Minor) at 7:50, Dominic Toninato (SAR) for Close Hand On Puck (Minor) at 13:35
2nd period
4. Laval Squanderers , Mark Kastelic 13 (Oliver Wahlstrom 22, Kyle Burroughs 9) at 0:32 (PP)
5. Laval Squanderers , Lias Andersson 7 (Martin Kaut 12) at 5:45 (PP)
Penalties :
Keegan Kolesar (SAR) for Hooking (Minor) at 0:09, Chris Wideman (SAR) for Hooking (Minor) at 5:39
3rd period
6. Sarnia Sailors , Adam Erne 2 (Dylan McLaughlin 10) at 1:06 (PP)
7. Laval Squanderers , Oliver Wahlstrom 17 (Mark Kastelic 13, Simon Holmstrom 13) at 1:18
8. Laval Squanderers , Simon Holmstrom 6 (Kaedan Korczak 3, Mark Kastelic 14) at 7:31
9. Laval Squanderers , Oliver Wahlstrom 18 (Mark Kastelic 15) at 13:32
10. Sarnia Sailors , Dylan McLaughlin 11 (Adam Erne 1, Mitchell Vande Sompel 2) at 15:52
11. Laval Squanderers , Reese Johnson 8 (Graeme Clarke 9) at 16:06
12. Laval Squanderers , Simon Holmstrom 7 (Oliver Wahlstrom 23, Mark Kastelic 16) at 17:00 (PP)
Penalties :
Kyle Burroughs (LSQ) for Hooking (Minor) at 0:37, Joey Keane (LSQ) for Interference (Minor) at 7:41, Dominic Turgeon (SAR) for High sticking (Minor) at 10:27, Keegan Kolesar (SAR) for Fighting (Major) at 16:24, Reese Johnson (LSQ) for Fighting (Major) at 16:24, Vasily Podkolzin (SAR) for Tripping (Minor) at 16:58, Josh Dickinson (SAR) for Fighting (Major) at 17:05, Kaedan Korczak (LSQ) for Fighting (Major) at 17:05, Josh Dickinson (SAR) for instigated a fight (Minor) at 17:05, Josh Dickinson (SAR) for instigated a fight (10 Minutes Misconduct) at 17:05
Goalie Stats
Dylan Garand (LSQ), 32 saves from 36 shots - (0.889), W, 5-1-0, 60:00 minutes
Laurent Brossoit (SAR), 31 saves from 39 shots - (0.795), L, 9-10-1, 60:00 minutes
Players Stats for Laval Squanderers
Player Name G A P +/- PIM S H SB GA TA FO MP PP MP PK MP
------------------------------------------------------------------------------------
Alex Green 0 0 0 -1 0 0 0 1 0 1 0/0 15:10 0:25 0:00
Braden Schneider 0 0 0 1 0 2 4 0 0 0 0/0 22:41 4:23 1:17
Brayden Tracey 0 0 0 0 0 2 2 0 0 0 1/1 12:39 1:30 0:00
Danila Klimovich 0 0 0 0 0 0 0 0 0 0 2/3 8:19 0:00 0:00
Graeme Clarke 0 1 1 1 5 2 0 0 0 1 2/7 10:56 0:11 0:00
Joey Keane 0 0 0 -1 4 0 3 1 0 1 0/0 15:10 0:43 0:00
Kaedan Korczak 0 1 1 3 5 3 0 1 0 1 0/0 21:31 3:20 1:27
Kyle Burroughs 0 1 1 1 2 1 1 1 0 2 0/0 22:39 3:47 1:17
Lias Andersson 1 1 2 -1 0 3 1 1 3 0 10/22 18:39 4:08 0:31
Lukas Reichel 0 0 0 0 0 1 0 0 0 0 1/1 9:40 0:07 0:42
Mackenzie MacEachern 0 0 0 -1 0 2 1 0 0 1 1/4 18:04 3:55 0:00
Mark Kastelic 1 4 5 3 0 5 2 1 0 1 13/23 19:54 4:02 1:16
Martin Kaut 0 1 1 -1 0 5 1 1 1 1 1/2 13:17 2:12 0:15
Mike Hardman 0 0 0 1 0 0 7 0 1 0 0/0 14:34 1:05 0:20
Nils Lundkvist 0 0 0 3 0 2 0 2 1 0 0/0 22:48 4:16 1:27
Oliver Wahlstrom 3 2 5 3 0 8 1 0 1 0 0/3 20:01 4:09 1:16
Reese Johnson 1 0 1 1 5 1 2 0 1 1 1/1 12:30 0:00 1:08
Simon Holmstrom 2 1 3 3 0 2 1 1 0 0 0/0 18:38 4:02 0:00
Players Stats for Sarnia Sailors
Player Name G A P +/- PIM S H SB GA TA FO MP PP MP PK MP
------------------------------------------------------------------------------------
Adam Erne 2 1 3 1 0 4 2 1 0 0 2/2 14:33 0:55 0:17
Aleksi Heponiemi 0 0 0 -1 0 4 0 2 1 0 0/1 13:37 0:00 2:24
Alex Vlasic 0 0 0 -4 0 6 0 2 1 0 0/0 27:53 1:55 4:25
Chris Wideman 0 0 0 -1 2 0 0 1 0 0 0/0 9:02 0:49 0:00
Connor Carrick 0 0 0 -3 0 0 2 3 2 0 0/0 17:41 0:00 4:25
David Warsofsky 0 0 0 1 0 1 0 2 0 1 0/0 12:34 0:00 0:00
Dominic Toninato 0 1 1 -2 2 1 1 1 3 1 19/37 22:09 1:49 3:29
Dominic Turgeon 0 0 0 -1 2 1 1 0 0 0 2/7 12:35 0:00 1:42
Dylan McLaughlin 1 2 3 1 0 1 3 1 1 1 4/7 16:05 0:55 1:52
Jack Rathbone 0 0 0 -2 0 1 0 3 0 1 0/0 24:46 0:49 4:02
Josh Dickinson 0 0 0 -1 17 1 2 0 0 2 3/5 11:51 0:55 1:52
Keegan Kolesar 1 0 1 -2 7 5 2 0 0 0 4/5 20:22 1:49 3:10
Michael Dal Colle 0 1 1 1 0 3 2 0 2 0 1/1 15:15 0:00 2:08
Mitchell Vande Sompel 0 1 1 1 0 2 0 0 0 0 0/0 15:48 0:00 0:22
Rob Hamilton 0 0 0 0 17 0 2 0 0 0 0/0 12:19 0:00 1:58
Seth Barton 0 0 0 0 0 0 0 1 0 2 0/0 16:02 0:00 1:42
Vasily Podkolzin 0 1 1 -2 2 4 0 1 0 0 0/2 18:34 1:49 0:00
Yannick Weber 0 0 0 -1 0 2 1 0 0 0 0/0 10:19 1:55 0:00
3 Stars
1 - Oliver Wahlstrom (LSQ)
2 - Mark Kastelic (LSQ)
3 - Simon Holmstrom (LSQ)
Power Play
Laval Squanderers - 3 on 7 Attempt(s) - 42.86%
Sarnia Sailors - 2 on 3 Attempt(s) - 66.67%
Penalty Kill
Laval Squanderers - 1 on 3 Attempt(s) - 33.33%
- Score 0 goal in Penalty Kill
Sarnia Sailors - 4 on 7 Attempt(s) - 57.14%
- Score 0 goal in Penalty Kill
Team Stat
Laval Squanderers - Hits : 26 - Faceoff Wins : 32 - Blocked Shots : 10 - Penalty Minutes : 21
Sarnia Sailors - Hits : 18 - Faceoff Wins : 35 - Blocked Shots : 18 - Penalty Minutes : 49
Official
Referees : Francis Charron and TJ Luxmore
Linesman : Kiel Murchison and Trent Knorr
Game Notes
Rob Hamilton and Graeme Clarke fight to a draw at 3:42 of 1st period
7:58 of 1st period - Sarnia Sailors goal is going for a video replay. After video review, No Goal. The goalkeeper has been pushed into the net together with the puck after making a save.
Martin Kaut is injured at 1:28 of 3rd period (Bruised Right Arm)
Oliver Wahlstrom has scored a Hat Trick!
Keegan Kolesar and Reese Johnson fight to a draw at 16:24 of 3rd period
Kaedan Korczak beats up Josh Dickinson at 17:05 of 3rd period
Laval Squanderers
5 vs 5 Forward
Center Left Wing Right Wing Time % Phy DF OF
1 Mark Kastelic Simon Holmstrom Oliver Wahlstrom 30 1 2 2
2 Lias Andersson Mackenzie MacEachern Martin Kaut 30 1 2 2
3 Graeme Clarke Mike Hardman Reese Johnson 25 1 2 2
4 Danila Klimovich Lukas Reichel Brayden Tracey 15 1 2 2
5 vs 5 Defense
Defense Defense Time % Phy DF OF
1 Kyle Burroughs Braden Schneider 35 1 2 2
2 Kaedan Korczak Nils Lundkvist 35 1 2 2
3 Alex Green Joey Keane 30 1 2 2
4 Kyle Burroughs Braden Schneider 0 1 2 2
PowerPlay Forward
Center Left Wing Right Wing Time % Phy DF OF
1 Mark Kastelic Simon Holmstrom Oliver Wahlstrom 50 1 2 2
2 Lias Andersson Mackenzie MacEachern Martin Kaut 50 1 2 2
PowerPlay Defense
Defense Defense Time % Phy DF OF
1 Kyle Burroughs Braden Schneider 50 1 2 2
2 Kaedan Korczak Nils Lundkvist 50 1 2 2
Penalty Kill 4 Players Forward
Center Wing Time % Phy DF OF
1 Oliver Wahlstrom Mark Kastelic 50 1 2 2
2 Martin Kaut Reese Johnson 50 1 2 2
Penalty Kill 4 Players Defense
Defense Defense Time % Phy DF OF
1 Kyle Burroughs Braden Schneider 50 1 2 2
2 Kaedan Korczak Nils Lundkvist 50 1 2 2
Penalty Kill - 3 Players Forward
Forward Time % Phy DF OF
1 Oliver Wahlstrom 50 1 2 2
2 Mark Kastelic 50 1 2 2
Penalty Kill - 3 Players Defense
Defense Defense Time % Phy DF OF
1 Kyle Burroughs Braden Schneider 50 1 2 2
2 Kaedan Korczak Nils Lundkvist 50 1 2 2
4 vs 4 Forward
Center Wing Time % Phy DF OF
1 Oliver Wahlstrom Mark Kastelic 50 1 2 2
2 Martin Kaut Reese Johnson 50 1 2 2
4 vs 4 Defense
Defense Defense Time % Phy DF OF
1 Kyle Burroughs Braden Schneider 50 1 2 2
2 Kaedan Korczak Nils Lundkvist 50 1 2 2
Last Minutes Offensive
Center Left Wing Right Wing Defense Defense
Mark Kastelic Simon Holmstrom Oliver Wahlstrom Kyle Burroughs Braden Schneider
Last Minutes Defensive
Center Left Wing Right Wing Defense Defense
Mark Kastelic Simon Holmstrom Oliver Wahlstrom Kyle Burroughs Braden Schneider
Goaltenders
Starting : Dylan Garand
Backup : Mads Sogaard
Extra Forwards
Normal : Brayden Tracey, Mike Hardman, Lukas Reichel - PP : Brayden Tracey, Mike Hardman - PK : Lukas Reichel
Extra Defensemen
Normal : Kaedan Korczak, Joey Keane, Kyle Burroughs - PP : Kaedan Korczak - PK : Joey Keane, Kyle Burroughs
Penalty Shots
Oliver Wahlstrom, Mark Kastelic, Martin Kaut, Reese Johnson, Simon Holmstrom
Sarnia Sailors
5 vs 5 Forward
Center Left Wing Right Wing Time % Phy DF OF
1 Dominic Toninato Keegan Kolesar Vasily Podkolzin 40 1 2 2
2 Dylan McLaughlin Adam Erne Michael Dal Colle 30 1 2 2
3 Dominic Turgeon Aleksi Heponiemi Connor Carrick 20 1 2 2
4 Josh Dickinson Chris Wideman Yannick Weber 10 1 2 2
5 vs 5 Defense
Defense Defense Time % Phy DF OF
1 Alex Vlasic Jack Rathbone 40 1 2 2
2 Rob Hamilton Seth Barton 30 1 2 2
3 Mitchell Vande Sompel David Warsofsky 20 1 2 2
4 Connor Carrick Alex Vlasic 10 1 2 2
PowerPlay Forward
Center Left Wing Right Wing Time % Phy DF OF
1 Dominic Toninato Keegan Kolesar Vasily Podkolzin 60 1 2 2
2 Dylan McLaughlin Adam Erne Josh Dickinson 40 1 2 2
PowerPlay Defense
Defense Defense Time % Phy DF OF
1 Alex Vlasic Yannick Weber 60 1 2 2
2 Jack Rathbone Chris Wideman 40 1 2 2
Penalty Kill 4 Players Forward
Center Wing Time % Phy DF OF
1 Dominic Toninato Keegan Kolesar 60 1 2 2
2 Dylan McLaughlin Michael Dal Colle 40 1 2 2
Penalty Kill 4 Players Defense
Defense Defense Time % Phy DF OF
1 Alex Vlasic Connor Carrick 60 1 2 2
2 Jack Rathbone Rob Hamilton 40 1 2 2
Penalty Kill - 3 Players Forward
Forward Time % Phy DF OF
1 Dominic Toninato 60 1 2 2
2 Dylan McLaughlin 40 1 2 2
Penalty Kill - 3 Players Defense
Defense Defense Time % Phy DF OF
1 Alex Vlasic Connor Carrick 60 1 2 2
2 Jack Rathbone Rob Hamilton 40 1 2 2
4 vs 4 Forward
Center Wing Time % Phy DF OF
1 Keegan Kolesar Vasily Podkolzin 60 1 2 2
2 Dominic Turgeon Michael Dal Colle 40 1 2 2
4 vs 4 Defense
Defense Defense Time % Phy DF OF
1 Alex Vlasic Jack Rathbone 60 1 2 2
2 Connor Carrick Yannick Weber 40 1 2 2
Last Minutes Offensive
Center Left Wing Right Wing Defense Defense
Dominic Toninato Keegan Kolesar Vasily Podkolzin Alex Vlasic Jack Rathbone
Last Minutes Defensive
Center Left Wing Right Wing Defense Defense
Dylan McLaughlin Keegan Kolesar Dominic Toninato Alex Vlasic Connor Carrick
Goaltenders
Starting : Laurent Brossoit
Backup : Matt Tomkins
Extra Forwards
Normal : Josh Dickinson, Adam Erne, Aleksi Heponiemi - PP : Josh Dickinson, Aleksi Heponiemi - PK : Josh Dickinson
Extra Defensemen
Normal : Rob Hamilton, Seth Barton, Jack Rathbone - PP : David Warsofsky - PK : Rob Hamilton, Seth Barton
Penalty Shots
Keegan Kolesar, Vasily Podkolzin, Dominic Toninato, Aleksi Heponiemi, Michael Dal Colle
% Time on Ice - Laval Squanderers
Lines # - Real PCT - Wanted PCT - Time Play
Normal Forward
1 - 30% - 30% - 14:36
2 - 29% - 30% - 14:15
3 - 24% - 25% - 11:39
4 - 17% - 15% - 8:19
Normal Defense
1 - 35% - 35% - 17:01
2 - 36% - 35% - 17:40
3 - 29% - 30% - 14:08
4 - 0% - 0% - 0:00
PP Forward
1 - 48% - 50% - 4:02
2 - 52% - 50% - 4:25
PP Defense
1 - 45% - 50% - 3:47
2 - 55% - 50% - 4:40
PK Forward
1 - 46% - 50% - 1:16
2 - 54% - 50% - 1:28
PK Defense
1 - 47% - 50% - 1:17
2 - 53% - 50% - 1:27
PK3 Forward
1 - 0% - 50%
2 - 0% - 50%
PK3 Defense
1 - 0% - 50%
2 - 0% - 50%
44 Forward
1 - 0% - 50%
2 - 0% - 50%
44 Defense
1 - 0% - 50%
2 - 0% - 50%
Last Minute Offensive - 0:00
Last Minute Defensive - 0:00
Total
Forward - 60:00
Defense - 60:00
|
% Time on Ice - Sarnia Sailors
Lines # - Real PCT - Wanted PCT - Time Play
Normal Forward
1 - 35% - 40% - 17:09
2 - 27% - 30% - 13:07
3 - 21% - 20% - 10:19
4 - 17% - 10% - 8:14
Normal Defense
1 - 37% - 40% - 18:07
2 - 31% - 30% - 15:15
3 - 26% - 20% - 12:34
4 - 6% - 10% - 2:53
PP Forward
1 - 66% - 60% - 1:49
2 - 34% - 40% - 0:55
PP Defense
1 - 70% - 60% - 1:55
2 - 30% - 40% - 0:49
PK Forward
1 - 83% - 60% - 7:03
2 - 17% - 40% - 1:24
PK Defense
1 - 52% - 60% - 4:25
2 - 48% - 40% - 4:02
PK3 Forward
1 - 0% - 60%
2 - 0% - 40%
PK3 Defense
1 - 0% - 60%
2 - 0% - 40%
44 Forward
1 - 0% - 60%
2 - 0% - 40%
44 Defense
1 - 0% - 60%
2 - 0% - 40%
Last Minute Offensive - 0:00
Last Minute Defensive - 0:00
Total
Forward - 60:00
Defense - 60:00
|
Play-by-Play
1st period
0:01 of 1st period - Mark Kastelic wins face-off versus Dominic Toninato in neutral zone.
0:04 of 1st period - Snap shot by Oliver Wahlstrom.
0:04 of 1st period - Shot Blocked by Dominic Toninato.
0:56 of 1st period - Snap shot by Mike Hardman.
0:56 of 1st period - Shot Misses the Net.
0:58 of 1st period - Slapshot by Kyle Burroughs.
0:58 of 1st period - Shot Misses the Net.
1:08 of 1st period - Kaedan Korczak is hit by Josh Dickinson and loses puck.
1:13 of 1st period - Snap shot by Josh Dickinson.
1:13 of 1st period - Stopped by Dylan Garand with a rebound.
1:44 of 1st period - Icing by Dominic Toninato.
1:45 of 1st period - Dylan McLaughlin wins face-off versus Mark Kastelic in Sarnia Sailors zone.
1:45 of 1st period - Dylan McLaughlin is hit by Joey Keane.
2:16 of 1st period - Joey Keane is hit by Rob Hamilton and loses puck.
3:36 of 1st period - Braden Schneider is hit by Keegan Kolesar and loses puck.
3:42 of 1st period - Rob Hamilton and Graeme Clarke fight to a draw.
3:42 of 1st period - Penalty to Rob Hamilton for Fighting.
3:42 of 1st period - Penalty to Graeme Clarke for Fighting.
3:42 of 1st period - Penalty to Rob Hamilton for instigated a fight.
3:42 of 1st period - Penalty to Rob Hamilton for instigated a fight.
3:43 of 1st period - Mark Kastelic wins face-off versus Dominic Toninato in neutral zone.
3:54 of 1st period - Wrist shot by Mark Kastelic.
3:54 of 1st period - Shot Blocked by Connor Carrick.
3:56 of 1st period - Snap shot by Mark Kastelic.
3:56 of 1st period - Shot Misses the Net.
5:42 of 1st period - Penalty to Rob Hamilton is over, Vasily Podkolzin is send on ice.
5:55 of 1st period - Wrist shot by Mike Hardman.
5:55 of 1st period - Deflect By Reese Johnson.
5:55 of 1st period - Shot Blocked by Aleksi Heponiemi.
5:55 of 1st period - Puck is out of play.
5:56 of 1st period - Brayden Tracey wins face-off versus Dylan McLaughlin in Sarnia Sailors zone.
6:19 of 1st period - Brayden Tracey is hit by Keegan Kolesar and loses puck.
6:55 of 1st period - Off-side.
6:56 of 1st period - Lias Andersson wins face-off versus Josh Dickinson in neutral zone.
7:26 of 1st period - Wrist shot by Oliver Wahlstrom.
7:26 of 1st period - Shot Blocked by David Warsofsky.
7:28 of 1st period - Wrist shot by Mark Kastelic.
7:28 of 1st period - Stopped by Laurent Brossoit without a rebound.
7:29 of 1st period - Dominic Toninato wins face-off versus Mark Kastelic in Sarnia Sailors zone.
7:40 of 1st period - Snap shot by Keegan Kolesar.
7:40 of 1st period - Shot Misses the Net.
7:42 of 1st period - Snap shot by Dominic Toninato.
7:42 of 1st period - Shot Misses the Net.
7:44 of 1st period - Slapshot by Dominic Toninato.
7:44 of 1st period - Shot Misses the Net.
7:50 of 1st period - Minor Penalty to Joey Keane for Roughing.
7:51 of 1st period - Dominic Toninato wins face-off versus Oliver Wahlstrom in Laval Squanderers zone.
7:54 of 1st period - Wrist shot by Vasily Podkolzin.
7:54 of 1st period - Stopped by Dylan Garand with a rebound.
7:56 of 1st period - Backhand shot by Alex Vlasic.
7:56 of 1st period - Stopped by Dylan Garand with a rebound.
7:58 of 1st period - Slapshot by Yannick Weber.
7:58 of 1st period - Deflect By Mark Kastelic.
7:58 of 1st period - Sarnia Sailors goal is going for a video replay.
7:58 of 1st period - The goal is refused. The goalkeeper has been pushed into the net together with the puck after making a save..
7:59 of 1st period - Keegan Kolesar wins face-off versus Oliver Wahlstrom in Laval Squanderers zone.
8:04 of 1st period - Slapshot by Keegan Kolesar.
8:04 of 1st period - Stopped by Dylan Garand with a rebound.
8:06 of 1st period - Slapshot by Keegan Kolesar.
8:06 of 1st period - Goal by Keegan Kolesar - Laval Squanderers : 0 - Sarnia Sailors : 1.
8:07 of 1st period - Dominic Toninato wins face-off versus Lias Andersson in neutral zone.
8:20 of 1st period - Slapshot by Martin Kaut.
8:20 of 1st period - Shot Misses the Net.
8:22 of 1st period - Snap shot by Martin Kaut.
8:22 of 1st period - Shot Misses the Net.
8:32 of 1st period - Kyle Burroughs is hit by Dylan McLaughlin.
8:36 of 1st period - Snap shot by Brayden Tracey.
8:36 of 1st period - Shot Blocked by Dylan McLaughlin.
8:38 of 1st period - Snap shot by Brayden Tracey.
8:38 of 1st period - Shot Blocked by Jack Rathbone.
8:40 of 1st period - Wrist shot by Mike Hardman.
8:40 of 1st period - Shot Misses the Net.
8:42 of 1st period - Wrist shot by Reese Johnson.
8:42 of 1st period - Shot Misses the Net.
9:36 of 1st period - Seth Barton is hit by Mike Hardman and loses puck.
9:53 of 1st period - Danila Klimovich is hit by Michael Dal Colle and loses puck.
9:58 of 1st period - Wrist shot by Michael Dal Colle.
9:58 of 1st period - Stopped by Dylan Garand without a rebound.
9:59 of 1st period - Dylan McLaughlin wins face-off versus Lias Andersson in Laval Squanderers zone.
10:06 of 1st period - Snap shot by Dylan McLaughlin.
10:06 of 1st period - Deflect By Adam Erne.
10:06 of 1st period - Shot Misses the Net.
10:06 of 1st period - Puck is out of play.
10:07 of 1st period - Mackenzie MacEachern wins face-off versus Dylan McLaughlin in Laval Squanderers zone.
10:22 of 1st period - Wrist shot by Dylan McLaughlin.
10:22 of 1st period - Shot Misses the Net.
10:34 of 1st period - Slapshot by Mark Kastelic.
10:34 of 1st period - Shot Misses the Net.
10:36 of 1st period - Snap shot by Braden Schneider.
10:36 of 1st period - Stopped by Laurent Brossoit with a rebound.
10:38 of 1st period - Slapshot by Kyle Burroughs.
10:38 of 1st period - Stopped by Laurent Brossoit without a rebound.
10:39 of 1st period - Dominic Toninato wins face-off versus Graeme Clarke in Sarnia Sailors zone.
10:46 of 1st period - Wrist shot by Vasily Podkolzin.
10:46 of 1st period - Stopped by Dylan Garand with a rebound.
10:48 of 1st period - Slapshot by Alex Vlasic.
10:48 of 1st period - Stopped by Dylan Garand without a rebound.
10:49 of 1st period - Dominic Toninato wins face-off versus Graeme Clarke in Laval Squanderers zone.
10:54 of 1st period - Wrist shot by Keegan Kolesar.
10:54 of 1st period - Stopped by Dylan Garand with a rebound.
11:24 of 1st period - Snap shot by Dominic Toninato.
11:24 of 1st period - Stopped by Dylan Garand with a rebound.
11:26 of 1st period - Slapshot by Alex Vlasic.
11:26 of 1st period - Stopped by Dylan Garand without a rebound.
11:27 of 1st period - Dylan McLaughlin wins face-off versus Mackenzie MacEachern in Laval Squanderers zone.
11:30 of 1st period - Snap shot by Adam Erne.
11:30 of 1st period - Stopped by Dylan Garand with a rebound.
11:34 of 1st period - Slapshot by Michael Dal Colle.
11:34 of 1st period - Stopped by Dylan Garand without a rebound.
11:35 of 1st period - Michael Dal Colle wins face-off versus Lias Andersson in Laval Squanderers zone.
12:00 of 1st period - Slapshot by Oliver Wahlstrom.
12:00 of 1st period - Goal by Oliver Wahlstrom - Laval Squanderers : 1 - Sarnia Sailors : 1.
12:01 of 1st period - Dominic Toninato wins face-off versus Mark Kastelic in neutral zone.
12:04 of 1st period - Snap shot by Vasily Podkolzin.
12:04 of 1st period - Shot Misses the Net.
12:10 of 1st period - Snap shot by Vasily Podkolzin.
12:10 of 1st period - Stopped by Dylan Garand without a rebound.
12:11 of 1st period - Dominic Toninato wins face-off versus Mark Kastelic in Laval Squanderers zone.
12:14 of 1st period - Snap shot by Keegan Kolesar.
12:14 of 1st period - Shot Misses the Net.
12:16 of 1st period - Slapshot by Alex Vlasic.
12:16 of 1st period - Deflect By Keegan Kolesar.
12:16 of 1st period - Stopped by Dylan Garand without a rebound.
12:17 of 1st period - Dominic Toninato wins face-off versus Lias Andersson in Laval Squanderers zone.
12:28 of 1st period - Snap shot by Lias Andersson.
12:28 of 1st period - Shot Misses the Net.
12:30 of 1st period - Slapshot by Kyle Burroughs.
12:30 of 1st period - Shot Misses the Net.
12:53 of 1st period - Snap shot by Mark Kastelic.
12:53 of 1st period - Stopped by Laurent Brossoit with a rebound.
13:08 of 1st period - Off-side.
13:09 of 1st period - Dylan McLaughlin wins face-off versus Lias Andersson in neutral zone.
13:12 of 1st period - Snap shot by Adam Erne.
13:12 of 1st period - Goal by Adam Erne - Laval Squanderers : 1 - Sarnia Sailors : 2.
13:13 of 1st period - Lias Andersson wins face-off versus Dominic Toninato in neutral zone.
13:20 of 1st period - Snap shot by Martin Kaut.
13:20 of 1st period - Deflect By Lias Andersson.
13:20 of 1st period - Shot Blocked by Alex Vlasic.
13:20 of 1st period - Puck is out of play.
13:21 of 1st period - Lias Andersson wins face-off versus Dominic Toninato in Sarnia Sailors zone.
13:35 of 1st period - Minor Penalty to Dominic Toninato for Close Hand On Puck.
13:36 of 1st period - Josh Dickinson wins face-off versus Mark Kastelic in Sarnia Sailors zone.
13:36 of 1st period - Josh Dickinson is hit by Simon Holmstrom.
13:48 of 1st period - Keegan Kolesar is hit by Oliver Wahlstrom.
13:52 of 1st period - Wrist shot by Mark Kastelic.
13:52 of 1st period - Shot Misses the Net.
14:14 of 1st period - Wrist shot by Aleksi Heponiemi.
14:14 of 1st period - Shot Misses the Net.
14:54 of 1st period - Braden Schneider is hit by Connor Carrick and loses puck.
15:13 of 1st period - Simon Holmstrom is hit by Josh Dickinson and loses puck.
15:35 of 1st period - Penalty to Dominic Toninato is over, Dominic Toninato is back on ice.
15:44 of 1st period - Dominic Toninato is hit by Braden Schneider and loses puck.
15:49 of 1st period - Snap shot by Brayden Tracey.
15:49 of 1st period - Shot Misses the Net.
15:51 of 1st period - Slapshot by Brayden Tracey.
15:51 of 1st period - Stopped by Laurent Brossoit with a rebound.
16:24 of 1st period - Snap shot by Brayden Tracey.
16:24 of 1st period - Shot Misses the Net.
16:52 of 1st period - Mike Hardman is hit by Adam Erne and loses puck.
17:18 of 1st period - Braden Schneider is hit by Dominic Toninato and loses puck.
17:31 of 1st period - Simon Holmstrom is hit by Adam Erne and loses puck.
18:02 of 1st period - Icing by Braden Schneider.
18:03 of 1st period - Dominic Toninato wins face-off versus Mackenzie MacEachern in Laval Squanderers zone.
18:20 of 1st period - Mackenzie MacEachern is hit by Dylan McLaughlin and loses puck.
18:41 of 1st period - Oliver Wahlstrom is hit by Connor Carrick and loses puck.
18:42 of 1st period - 10 Minutes Misconduct Penalty to Rob Hamilton is over.
19:31 of 1st period - Snap shot by Mike Hardman.
19:31 of 1st period - Shot Misses the Net.
19:45 of 1st period - Dylan McLaughlin is hit by Braden Schneider and loses puck.
19:54 of 1st period - Snap shot by Michael Dal Colle.
19:54 of 1st period - Shot Misses the Net.
Goals for this period are 1 for Laval Squanderers vs 2 for Sarnia Sailors.
Shots for this period are 6 for Laval Squanderers vs 17 for Sarnia Sailors.
2nd period
0:01 of 2nd period - Mark Kastelic wins face-off versus Keegan Kolesar in neutral zone.
0:09 of 2nd period - Minor Penalty to Keegan Kolesar for Hooking.
0:10 of 2nd period - Lias Andersson wins face-off versus Dominic Toninato in Sarnia Sailors zone.
0:12 of 2nd period - Snap shot by Lias Andersson.
0:12 of 2nd period - Shot Blocked by Connor Carrick.
0:14 of 2nd period - Snap shot by Martin Kaut.
0:14 of 2nd period - Shot Misses the Net.
0:16 of 2nd period - Snap shot by Martin Kaut.
0:16 of 2nd period - Shot Misses the Net.
0:20 of 2nd period - Wrist shot by Martin Kaut.
0:20 of 2nd period - Stopped by Laurent Brossoit without a rebound.
0:21 of 2nd period - Josh Dickinson wins face-off versus Mark Kastelic in Sarnia Sailors zone.
0:32 of 2nd period - Snap shot by Mark Kastelic.
0:32 of 2nd period - Goal by Mark Kastelic - Laval Squanderers : 2 - Sarnia Sailors : 2.
0:33 of 2nd period - Dominic Turgeon wins face-off versus Mark Kastelic in neutral zone.
0:40 of 2nd period - Wrist shot by Aleksi Heponiemi.
0:40 of 2nd period - Shot Blocked by Mark Kastelic.
0:42 of 2nd period - Slapshot by Dominic Turgeon.
0:42 of 2nd period - Stopped by Dylan Garand with a rebound.
0:44 of 2nd period - Snap shot by Alex Vlasic.
0:44 of 2nd period - Stopped by Dylan Garand with a rebound.
0:46 of 2nd period - Wrist shot by Dominic Turgeon.
0:46 of 2nd period - Deflect By Aleksi Heponiemi.
0:46 of 2nd period - Stopped by Dylan Garand with a rebound.
0:48 of 2nd period - Slapshot by Jack Rathbone.
0:48 of 2nd period - Shot Blocked by Simon Holmstrom.
1:02 of 2nd period - Backhand shot by Lias Andersson.
1:02 of 2nd period - Stopped by Laurent Brossoit without a rebound.
1:03 of 2nd period - Keegan Kolesar wins face-off versus Mackenzie MacEachern in Sarnia Sailors zone.
1:05 of 2nd period - Icing by Vasily Podkolzin.
1:06 of 2nd period - Dominic Toninato wins face-off versus Oliver Wahlstrom in Sarnia Sailors zone.
1:22 of 2nd period - Snap shot by Dominic Toninato.
1:22 of 2nd period - Shot Misses the Net.
1:28 of 2nd period - Mitchell Vande Sompel is hit by Braden Schneider.
3:01 of 2nd period - Slapshot by Martin Kaut.
3:01 of 2nd period - Stopped by Laurent Brossoit with a rebound.
3:40 of 2nd period - Yannick Weber is hit by Joey Keane and loses puck.
4:03 of 2nd period - Snap shot by Martin Kaut.
4:03 of 2nd period - Stopped by Laurent Brossoit without a rebound.
4:04 of 2nd period - Adam Erne wins face-off versus Lias Andersson in Sarnia Sailors zone.
4:16 of 2nd period - Wrist shot by Martin Kaut.
4:16 of 2nd period - Stopped by Laurent Brossoit without a rebound.
4:17 of 2nd period - Dominic Toninato wins face-off versus Mark Kastelic in Sarnia Sailors zone.
4:17 of 2nd period - Dominic Toninato is hit by Mark Kastelic.
4:43 of 2nd period - Braden Schneider is hit by Michael Dal Colle and loses puck.
5:08 of 2nd period - Dominic Turgeon is hit by Joey Keane and loses puck.
5:31 of 2nd period - Off-side.
5:32 of 2nd period - Mark Kastelic wins face-off versus Josh Dickinson in neutral zone.
5:37 of 2nd period - Slapshot by Oliver Wahlstrom.
5:37 of 2nd period - Shot Blocked by Chris Wideman.
5:39 of 2nd period - Minor Penalty to Chris Wideman for Hooking.
5:40 of 2nd period - Lias Andersson wins face-off versus Dominic Toninato in Sarnia Sailors zone.
5:45 of 2nd period - Wrist shot by Lias Andersson.
5:45 of 2nd period - Goal by Lias Andersson - Laval Squanderers : 3 - Sarnia Sailors : 2.
5:46 of 2nd period - Mark Kastelic wins face-off versus Vasily Podkolzin in neutral zone.
6:35 of 2nd period - Alex Vlasic is hit by Mike Hardman and loses puck.
7:15 of 2nd period - Joey Keane is hit by Rob Hamilton and loses puck.
7:34 of 2nd period - Dylan McLaughlin is hit by Lias Andersson and loses puck.
7:41 of 2nd period - Snap shot by Martin Kaut.
7:41 of 2nd period - Deflect By Mackenzie MacEachern.
7:41 of 2nd period - Shot Blocked by Adam Erne.
7:41 of 2nd period - Puck is out of play.
7:42 of 2nd period - Lias Andersson wins face-off versus Dominic Turgeon in Sarnia Sailors zone.
9:07 of 2nd period - Icing by Mark Kastelic.
9:08 of 2nd period - Dominic Turgeon wins face-off versus Lias Andersson in Laval Squanderers zone.
9:09 of 2nd period - Snap shot by Aleksi Heponiemi.
9:09 of 2nd period - Stopped by Dylan Garand with a rebound.
9:11 of 2nd period - Slapshot by Jack Rathbone.
9:11 of 2nd period - Shot Misses the Net.
9:13 of 2nd period - Snap shot by Connor Carrick.
9:13 of 2nd period - Shot Misses the Net.
9:15 of 2nd period - Wrist shot by Connor Carrick.
9:15 of 2nd period - Shot Misses the Net.
9:17 of 2nd period - Wrist shot by Aleksi Heponiemi.
9:17 of 2nd period - Shot Misses the Net.
9:19 of 2nd period - Slapshot by Alex Vlasic.
9:19 of 2nd period - Stopped by Dylan Garand with a rebound.
9:21 of 2nd period - Slapshot by Alex Vlasic.
9:21 of 2nd period - Shot Blocked by Nils Lundkvist.
9:37 of 2nd period - Snap shot by Graeme Clarke.
9:37 of 2nd period - Stopped by Laurent Brossoit with a rebound.
10:19 of 2nd period - Snap shot by Martin Kaut.
10:19 of 2nd period - Stopped by Laurent Brossoit with a rebound.
10:37 of 2nd period - Wrist shot by Lukas Reichel.
10:37 of 2nd period - Stopped by Laurent Brossoit with a rebound.
11:09 of 2nd period - Rob Hamilton is hit by Mike Hardman and loses puck.
12:01 of 2nd period - Icing by Braden Schneider.
12:02 of 2nd period - Dominic Toninato wins face-off versus Lias Andersson in Laval Squanderers zone.
12:05 of 2nd period - Wrist shot by Keegan Kolesar.
12:05 of 2nd period - Shot Misses the Net.
12:07 of 2nd period - Slapshot by Dominic Toninato.
12:07 of 2nd period - Shot Blocked by Kyle Burroughs.
12:09 of 2nd period - Wrist shot by Keegan Kolesar.
12:09 of 2nd period - Shot Misses the Net.
12:59 of 2nd period - Snap shot by Lukas Reichel.
12:59 of 2nd period - Shot Blocked by Aleksi Heponiemi.
13:12 of 2nd period - Slapshot by Oliver Wahlstrom.
13:12 of 2nd period - Stopped by Laurent Brossoit without a rebound.
13:13 of 2nd period - Dominic Toninato wins face-off versus Mark Kastelic in Sarnia Sailors zone.
13:28 of 2nd period - Slapshot by Mark Kastelic.
13:28 of 2nd period - Stopped by Laurent Brossoit with a rebound.
13:46 of 2nd period - Wrist shot by Martin Kaut.
13:46 of 2nd period - Shot Blocked by David Warsofsky.
14:02 of 2nd period - Alex Vlasic is hit by Mike Hardman and loses puck.
14:21 of 2nd period - Seth Barton is hit by Brayden Tracey and loses puck.
15:55 of 2nd period - Lukas Reichel is hit by Dylan McLaughlin.
16:37 of 2nd period - Jack Rathbone is hit by Martin Kaut and loses puck.
17:34 of 2nd period - Michael Dal Colle is hit by Reese Johnson and loses puck.
18:00 of 2nd period - Chris Wideman is hit by Kyle Burroughs and loses puck.
18:24 of 2nd period - Alex Vlasic is hit by Mark Kastelic and loses puck.
19:30 of 2nd period - Wrist shot by Chris Wideman.
19:30 of 2nd period - Shot Misses the Net.
19:40 of 2nd period - Nils Lundkvist is hit by Dominic Turgeon and loses puck.
Goals for this period are 2 for Laval Squanderers vs 0 for Sarnia Sailors.
Shots for this period are 12 for Laval Squanderers vs 5 for Sarnia Sailors.
3rd period
0:01 of 3rd period - Dominic Toninato wins face-off versus Lias Andersson in neutral zone.
0:05 of 3rd period - Off-side.
0:06 of 3rd period - Dominic Toninato wins face-off versus Lias Andersson in neutral zone.
0:22 of 3rd period - Slapshot by Kyle Burroughs.
0:22 of 3rd period - Shot Misses the Net.
0:37 of 3rd period - Minor Penalty to Kyle Burroughs for Hooking.
0:38 of 3rd period - Dominic Toninato wins face-off versus Martin Kaut in Laval Squanderers zone.
0:38 of 3rd period - Slapshot by Keegan Kolesar.
0:38 of 3rd period - Shot Blocked by Nils Lundkvist.
0:40 of 3rd period - Backhand shot by Vasily Podkolzin.
0:40 of 3rd period - Stopped by Dylan Garand without a rebound.
0:41 of 3rd period - Martin Kaut wins face-off versus Dominic Toninato in Laval Squanderers zone.
1:06 of 3rd period - Snap shot by Adam Erne.
1:06 of 3rd period - Goal by Adam Erne - Laval Squanderers : 3 - Sarnia Sailors : 3.
1:07 of 3rd period - Mark Kastelic wins face-off versus Dominic Toninato in neutral zone.
1:18 of 3rd period - Snap shot by Oliver Wahlstrom.
1:18 of 3rd period - Goal by Oliver Wahlstrom - Laval Squanderers : 4 - Sarnia Sailors : 3.
1:19 of 3rd period - Dominic Toninato wins face-off versus Lias Andersson in neutral zone.
1:22 of 3rd period - Slapshot by Jack Rathbone.
1:22 of 3rd period - Stopped by Dylan Garand with a rebound.
1:28 of 3rd period - Snap shot by Keegan Kolesar.
1:28 of 3rd period - Shot Blocked by Martin Kaut.
1:28 of 3rd period - Martin Kaut from Laval Squanderers is injured at 1:28 of 3rd period (Bruised Right Arm).
1:29 of 3rd period - Mark Kastelic wins face-off versus Dominic Toninato in Laval Squanderers zone.
1:38 of 3rd period - Backhand shot by Oliver Wahlstrom.
1:38 of 3rd period - Stopped by Laurent Brossoit with a rebound.
1:40 of 3rd period - Snap shot by Simon Holmstrom.
1:40 of 3rd period - Shot Misses the Net.
1:42 of 3rd period - Snap shot by Kaedan Korczak.
1:42 of 3rd period - Stopped by Laurent Brossoit with a rebound.
1:44 of 3rd period - Snap shot by Nils Lundkvist.
1:44 of 3rd period - Stopped by Laurent Brossoit with a rebound.
2:24 of 3rd period - Snap shot by Dominic Turgeon.
2:24 of 3rd period - Deflect By Aleksi Heponiemi.
2:24 of 3rd period - Stopped by Dylan Garand with a rebound.
2:26 of 3rd period - Slapshot by Aleksi Heponiemi.
2:26 of 3rd period - Shot Blocked by Lias Andersson.
3:00 of 3rd period - Wrist shot by Lukas Reichel.
3:00 of 3rd period - Shot Misses the Net.
3:02 of 3rd period - Wrist shot by Brayden Tracey.
3:02 of 3rd period - Shot Misses the Net.
3:04 of 3rd period - Snap shot by Nils Lundkvist.
3:04 of 3rd period - Stopped by Laurent Brossoit with a rebound.
4:01 of 3rd period - Vasily Podkolzin is hit by Mackenzie MacEachern and loses puck.
4:12 of 3rd period - Slapshot by Mitchell Vande Sompel.
4:12 of 3rd period - Stopped by Dylan Garand with a rebound.
5:22 of 3rd period - Icing by Rob Hamilton.
5:23 of 3rd period - Danila Klimovich wins face-off versus Dominic Turgeon in Sarnia Sailors zone.
5:26 of 3rd period - Wrist shot by Brayden Tracey.
5:26 of 3rd period - Stopped by Laurent Brossoit with a rebound.
5:28 of 3rd period - Wrist shot by Brayden Tracey.
5:28 of 3rd period - Shot Hit the Post.
5:51 of 3rd period - Keegan Kolesar is hit by Mike Hardman and loses puck.
7:04 of 3rd period - Off-side.
7:05 of 3rd period - Keegan Kolesar wins face-off versus Lias Andersson in neutral zone.
7:25 of 3rd period - Off-side.
7:26 of 3rd period - Mark Kastelic wins face-off versus Dylan McLaughlin in neutral zone.
7:29 of 3rd period - Slapshot by Kaedan Korczak.
7:29 of 3rd period - Stopped by Laurent Brossoit with a rebound.
7:31 of 3rd period - Wrist shot by Simon Holmstrom.
7:31 of 3rd period - Goal by Simon Holmstrom - Laval Squanderers : 5 - Sarnia Sailors : 3.
7:32 of 3rd period - Dominic Toninato wins face-off versus Graeme Clarke in neutral zone.
7:39 of 3rd period - Snap shot by Keegan Kolesar.
7:39 of 3rd period - Stopped by Dylan Garand with a rebound.
7:41 of 3rd period - Minor Penalty to Joey Keane for Interference.
7:42 of 3rd period - Lukas Reichel wins face-off versus Dominic Toninato in Laval Squanderers zone.
7:51 of 3rd period - Slapshot by Yannick Weber.
7:51 of 3rd period - Stopped by Dylan Garand with a rebound.
7:53 of 3rd period - Wrist shot by Vasily Podkolzin.
7:53 of 3rd period - Shot Misses the Net.
7:55 of 3rd period - Slapshot by Alex Vlasic.
7:55 of 3rd period - Stopped by Dylan Garand with a rebound.
7:57 of 3rd period - Slapshot by Vasily Podkolzin.
7:57 of 3rd period - Shot Hit the Post.
8:15 of 3rd period - Alex Vlasic is hit by Reese Johnson and loses puck.
8:20 of 3rd period - Slapshot by Lukas Reichel.
8:20 of 3rd period - Shot Hit the Post.
9:34 of 3rd period - Keegan Kolesar is hit by Mike Hardman and loses puck.
9:41 of 3rd period - Penalty to Joey Keane is over, Joey Keane is back on ice.
9:50 of 3rd period - Off-side.
9:51 of 3rd period - Lias Andersson wins face-off versus Dominic Turgeon in neutral zone.
9:58 of 3rd period - Snap shot by Mackenzie MacEachern.
9:58 of 3rd period - Stopped by Laurent Brossoit with a rebound.
10:22 of 3rd period - Snap shot by Oliver Wahlstrom.
10:22 of 3rd period - Stopped by Laurent Brossoit without a rebound.
10:23 of 3rd period - Reese Johnson wins face-off versus Dominic Turgeon in Sarnia Sailors zone.
10:27 of 3rd period - Minor Penalty to Dominic Turgeon for High sticking.
10:28 of 3rd period - Mark Kastelic wins face-off versus Dominic Toninato in Sarnia Sailors zone.
10:30 of 3rd period - Snap shot by Oliver Wahlstrom.
10:30 of 3rd period - Stopped by Laurent Brossoit without a rebound.
10:31 of 3rd period - Dominic Toninato wins face-off versus Mark Kastelic in Sarnia Sailors zone.
12:17 of 3rd period - Keegan Kolesar is hit by Mike Hardman and loses puck.
12:27 of 3rd period - Penalty to Dominic Turgeon is over, Dominic Turgeon is back on ice.
12:38 of 3rd period - Wrist shot by Michael Dal Colle.
12:38 of 3rd period - Stopped by Dylan Garand without a rebound.
12:39 of 3rd period - Josh Dickinson wins face-off versus Graeme Clarke in Laval Squanderers zone.
12:50 of 3rd period - Backhand shot by Aleksi Heponiemi.
12:50 of 3rd period - Stopped by Dylan Garand with a rebound.
12:54 of 3rd period - Snap shot by Aleksi Heponiemi.
12:54 of 3rd period - Shot Blocked by Joey Keane.
13:04 of 3rd period - Michael Dal Colle is hit by Brayden Tracey.
13:08 of 3rd period - Wrist shot by Lukas Reichel.
13:08 of 3rd period - Shot Misses the Net.
13:10 of 3rd period - Snap shot by Brayden Tracey.
13:10 of 3rd period - Shot Misses the Net.
13:12 of 3rd period - Slapshot by Brayden Tracey.
13:12 of 3rd period - Shot Misses the Net.
13:14 of 3rd period - Wrist shot by Brayden Tracey.
13:14 of 3rd period - Shot Blocked by Connor Carrick.
13:32 of 3rd period - Wrist shot by Oliver Wahlstrom.
13:32 of 3rd period - Goal by Oliver Wahlstrom - Laval Squanderers : 6 - Sarnia Sailors : 3.
13:33 of 3rd period - Mark Kastelic wins face-off versus Dominic Toninato in neutral zone.
13:40 of 3rd period - Slapshot by Braden Schneider.
13:40 of 3rd period - Shot Blocked by Vasily Podkolzin.
14:10 of 3rd period - Wrist shot by Reese Johnson.
14:10 of 3rd period - Shot Blocked by Seth Barton.
14:30 of 3rd period - Wrist shot by Connor Carrick.
14:30 of 3rd period - Shot Blocked by Kaedan Korczak.
14:47 of 3rd period - Off-side.
14:48 of 3rd period - Danila Klimovich wins face-off versus Dominic Toninato in neutral zone.
15:44 of 3rd period - Wrist shot by Adam Erne.
15:44 of 3rd period - Shot Misses the Net.
15:46 of 3rd period - Slapshot by David Warsofsky.
15:46 of 3rd period - Stopped by Dylan Garand with a rebound.
15:48 of 3rd period - Slapshot by Mitchell Vande Sompel.
15:48 of 3rd period - Stopped by Dylan Garand with a rebound.
15:50 of 3rd period - Slapshot by Adam Erne.
15:50 of 3rd period - Deflect By Simon Holmstrom.
15:50 of 3rd period - Stopped by Dylan Garand with a rebound.
15:52 of 3rd period - Snap shot by Dylan McLaughlin.
15:52 of 3rd period - Goal by Dylan McLaughlin - Laval Squanderers : 6 - Sarnia Sailors : 4.
15:53 of 3rd period - Graeme Clarke wins face-off versus Dominic Turgeon in neutral zone.
16:04 of 3rd period - Wrist shot by Mike Hardman.
16:04 of 3rd period - Deflect By Graeme Clarke.
16:04 of 3rd period - Stopped by Laurent Brossoit without a rebound.
16:05 of 3rd period - Graeme Clarke wins face-off versus Dominic Toninato in Sarnia Sailors zone.
16:06 of 3rd period - Wrist shot by Reese Johnson.
16:06 of 3rd period - Goal by Reese Johnson - Laval Squanderers : 7 - Sarnia Sailors : 4.
16:07 of 3rd period - Keegan Kolesar wins face-off versus Graeme Clarke in neutral zone.
16:24 of 3rd period - Keegan Kolesar and Reese Johnson fight to a draw.
16:24 of 3rd period - Penalty to Keegan Kolesar for Fighting.
16:24 of 3rd period - Penalty to Reese Johnson for Fighting.
16:25 of 3rd period - Lias Andersson wins face-off versus Dominic Toninato in Sarnia Sailors zone.
16:32 of 3rd period - Snap shot by Lias Andersson.
16:32 of 3rd period - Stopped by Laurent Brossoit without a rebound.
16:33 of 3rd period - Lias Andersson wins face-off versus Dominic Toninato in Sarnia Sailors zone.
16:36 of 3rd period - Wrist shot by Lias Andersson.
16:36 of 3rd period - Deflect By Mackenzie MacEachern.
16:36 of 3rd period - Shot Misses the Net.
16:36 of 3rd period - Puck is out of play.
16:37 of 3rd period - Mark Kastelic wins face-off versus Vasily Podkolzin in Sarnia Sailors zone.
16:40 of 3rd period - Slapshot by Mark Kastelic.
16:40 of 3rd period - Shot Blocked by Jack Rathbone.
16:42 of 3rd period - Slapshot by Braden Schneider.
16:42 of 3rd period - Stopped by Laurent Brossoit with a rebound.
16:44 of 3rd period - Wrist shot by Oliver Wahlstrom.
16:44 of 3rd period - Stopped by Laurent Brossoit with a rebound.
16:46 of 3rd period - Snap shot by Braden Schneider.
16:46 of 3rd period - Shot Blocked by Jack Rathbone.
16:48 of 3rd period - Wrist shot by Oliver Wahlstrom.
16:48 of 3rd period - Shot Misses the Net.
16:50 of 3rd period - Snap shot by Mark Kastelic.
16:50 of 3rd period - Shot Misses the Net.
16:52 of 3rd period - Wrist shot by Oliver Wahlstrom.
16:52 of 3rd period - Shot Blocked by Alex Vlasic.
16:58 of 3rd period - Minor Penalty to Vasily Podkolzin for Tripping.
16:59 of 3rd period - Mark Kastelic wins face-off versus Dominic Toninato in Sarnia Sailors zone.
17:00 of 3rd period - Slapshot by Oliver Wahlstrom.
17:00 of 3rd period - Deflect By Simon Holmstrom.
17:00 of 3rd period - Goal by Simon Holmstrom - Laval Squanderers : 8 - Sarnia Sailors : 4.
17:01 of 3rd period - Lias Andersson wins face-off versus Dominic Toninato in neutral zone.
17:04 of 3rd period - Slapshot by Kaedan Korczak.
17:04 of 3rd period - Stopped by Laurent Brossoit with a rebound.
17:05 of 3rd period - Kaedan Korczak beats up Josh Dickinson.
17:05 of 3rd period - Penalty to Josh Dickinson for Fighting.
17:05 of 3rd period - Penalty to Kaedan Korczak for Fighting.
17:05 of 3rd period - Penalty to Josh Dickinson for instigated a fight.
17:05 of 3rd period - Penalty to Josh Dickinson for instigated a fight.
17:06 of 3rd period - Mark Kastelic wins face-off versus Aleksi Heponiemi in Sarnia Sailors zone.
17:13 of 3rd period - Backhand shot by Mark Kastelic.
17:13 of 3rd period - Stopped by Laurent Brossoit with a rebound.
17:41 of 3rd period - Snap shot by Brayden Tracey.
17:41 of 3rd period - Deflect By Mackenzie MacEachern.
17:41 of 3rd period - Stopped by Laurent Brossoit with a rebound.
18:10 of 3rd period - Dominic Turgeon is hit by Braden Schneider and loses puck.
19:05 of 3rd period - Penalty to Josh Dickinson is over, Vasily Podkolzin is send on ice.
19:15 of 3rd period - Snap shot by Brayden Tracey.
19:15 of 3rd period - Deflect By Vasily Podkolzin.
19:15 of 3rd period - Shot Misses the Net.
19:15 of 3rd period - Puck is out of play.
19:16 of 3rd period - Adam Erne wins face-off versus Danila Klimovich in Sarnia Sailors zone.
19:37 of 3rd period - Snap shot by Dominic Toninato.
19:37 of 3rd period - Shot Blocked by Alex Green.
19:51 of 3rd period - Simon Holmstrom is hit by Yannick Weber and loses puck.
Goals for this period are 5 for Laval Squanderers vs 2 for Sarnia Sailors.
Shots for this period are 21 for Laval Squanderers vs 14 for Sarnia Sailors.
Back to the Top